 Dungeon Crawl Stone Soup version 0.29-a0-542-g075992c915 (webtiles) character file.

Game seed: 15646071470443164048

1 croobank the Covert (level 1, -3/23 HPs)
             Began as a Gnoll Delver on June 4, 2022.
             Slain by a killer bee (4 damage)
             ... on level 5 of the Dungeon.
             The game lasted 00:02:52 (73 turns).

croobank the Covert (Gnoll Delver)                    Turns: 73, Time: 00:02:53

Health: -3/23      AC:  3    Str: 11    XL:     1   Next: 20%
Magic:  1/1        EV: 13    Int:  9    God:
Gold:   0          SH:  0    Dex: 13    Spells: 0/0 levels left

rFire   . . .      SeeInvis .   a - +1 hand axe
rCold   . . .      Faith    .   (no shield)
rNeg    . . .      Spirit   .   b - +0 leather armour
rPois   .          Reflect  .   (no helmet)
rElec   .          Harm     .   (no cloak)
rCorr   .          Rampage  .   (no gloves)
Will    .....                   (no boots)
Stlth   ++++......              (no amulet)
HPRegen 0.07/turn               (no ring)
MPRegen 0.07/turn               (no ring)

@: hasted, very quick
A: fangs 1, strong nose, distributed training
a: no special abilities


You were on level 5 of the Dungeon.
You visited 1 branch of the dungeon, and saw 2 of its levels.

Inventory:

Hand Weapons
 a - a +1 hand axe (weapon)
 h - a +0 arbalest
Armour
 b - a +0 leather armour (worn)
Wands
 g - a wand of digging (2)
Scrolls
 c - a scroll of fog


   Skills:
 + Level 6.4 Fighting
 + Level 0.0 Short Blades
 + Level 0.0 Long Blades
 + Level 4.4 Axes
 + Level 0.0 Maces & Flails
 + Level 0.0 Polearms
 + Level 0.0 Staves
 + Level 0.0 Slings
 + Level 0.0 Bows
 + Level 0.0 Crossbows
 + Level 0.0 Throwing
 + Level 0.0 Armour
 + Level 4.4 Dodging
 + Level 9.5 Stealth
 + Level 0.0 Shields
 + Level 0.0 Unarmed Combat
 + Level 0.0 Spellcasting
 + Level 0.0 Conjurations
 + Level 0.0 Hexes
 + Level 0.0 Summonings
 + Level 0.0 Necromancy
 + Level 0.0 Translocations
 + Level 0.0 Transmutations
 + Level 0.0 Fire Magic
 + Level 0.0 Ice Magic
 + Level 0.0 Air Magic
 + Level 0.0 Earth Magic
 + Level 0.0 Poison Magic
 + Level 0.0 Invocations
 + Level 0.0 Evocations


You couldn't memorise any spells.
You didn't know any spells.
Your spell library was empty.

Dungeon Overview and Level Annotations

Branches:
Dungeon (5/15)
 Temple: D:4-7

Altars:

Annotations:
D:5 Menkaure


Innate Abilities, Weirdness & Mutations

You have very sharp teeth.
Your uncanny sense of smell can sniff out nearby items.
Your experience applies equally to all skills.


Message History

The orc wails, "Help!"
A scorpion comes into view.
Found a scale mail and a curved jewelled staff.
You see here a scroll labelled IGEODI IGOFU.
d - a scroll labelled IGEODI IGOFU You feel yourself speed up.
Menkaure and a water moccasin come into view.
A killer bee comes into view.
A killer bee and an iguana come into view.
Menkaure shouts!
The iguana hisses angrily.
Menkaure mumbles some strange words.
Menkaure seems to speed up.
The iguana moves out of view.
Aiming: Dig
Press: ? - help, Shift-Dir - straight line A rock wall.
Okay, then.
Aiming: Dig
Press: ? - help, Shift-Dir - straight line A rock wall.
The rock shatters into small pieces.
A worm comes into view.
Menkaure gestures at you while chanting.
Pain shoots through your body!
* * * LOW HITPOINT WARNING * * *
An orc and 2 killer bees come into view.
A killer bee comes into view.
An ogre comes into view. It is wielding a +0 giant club.
The killer bee buzzes angrily. x3
Menkaure blazes with dark energy!
The killer bee buzzes angrily.
You hear an angry buzzing noise.
Found a stone staircase leading down and a stone staircase leading up.
The ogre shouts!
The killer bee buzzes angrily.
You hear an angry hiss.
A killer bee comes into view.
The killer bee closely misses you.
As you read the scroll labelled IGEODI IGOFU, it crumbles to dust.
It is a scroll of enchant weapon.
Your +0 hand axe glows red for a moment.
The killer bee misses you. The killer bee barely misses you.
The killer bee stings you.
You die...

.................#.....,*,,,**
#............#..##.....,,,,,,****
#.........s..#.M.......,,,,,***,,
#....#####.....l...w...,*,,,*,,,,
......# #.####.##....,**,,,,,,,,
.....## #..* #.#*,,,.,**,**,,,,,
.....# ##..###.#**,,.#**,,**,,,,
.....# #.......###...#**,,*,,,,,
...#######...oyy@..#*,,,,,,,,,,,,
...#*#.........yy...#,,,,,,,,,,**
..###...#......y.##.....,,,,,,,**
.......###...#.###**...>,,,,*,***
##.....####..#.,,,,,,O..,,,**,,,*
##.............,∆,,,,,..,,,,,,,**
........#...<..,,,,,,,,#,,,,,,**
..........#...,,,,,*,,***,,,,**
##....#...#,,,,,,,,*,,,***,***


You could see an ogre, Menkaure (fast), an iguana, 5 killer bees and an orc.

Vanquished Creatures
  An endoplasm (D:4)
1 creature vanquished.

Notes
Turn   | Place    | Note
-------+----------+-------------------------------------------
     0 | D:5      | Reached skill level 9 in Stealth
     0 | D:5      | croobank the Gnoll Delver began the quest for the Orb.
     0 | D:5      | Reached XP level 1. HP: 23/23 MP: 1/1
    23 | D:4      | Noticed a jelly
    25 | D:4      | Noticed a hound
    36 | D:5      | Noticed a scorpion
    60 | D:5      | Noticed Menkaure
    60 | D:5      | Noticed a water moccasin
    61 | D:5      | Noticed a killer bee
    62 | D:5      | Noticed a killer bee
    62 | D:5      | Noticed an iguana
    66 | D:5      | HP: 1/23 [Menkaure/nerve-wracking pain (9)]
    68 | D:5      | Noticed a killer bee
    68 | D:5      | Noticed a killer bee
    70 | D:5      | Noticed a killer bee
    71 | D:5      | Noticed an ogre
    72 | D:5      | Noticed a killer bee
    73 | D:5      | Slain by a killer bee

Illustrated notes

Levels and vault maps discovered:
D:4:      layout_rooms, minmay_temple_entry_mist, serial_shops, shop, uniq_pikel
D:5:      layout_cave_pools, minivault_5, uniq_sigmund, uniq_menkaure,
          uniq_eustachio

Skill      XL: | |
---------------+-+-----
Stealth        | |  9.5
Fighting       | |  6.4
Axes           | |  4.4
Dodging        | |  4.4

Action                   || total
-------------------------++-------
Melee: Hand axe          ||     1
 Fire: Arbalest          ||     2
Evoke: Wand              ||     1
  Use: Scroll            ||     3
       Potion            ||     1
Dodge: Dodged            ||     4

Table legend: (Time is in decaauts)
 A = Elapsed time spent in this place.
 B = Non-inter-level travel time spent in this place.
 C = Inter-level travel time spent in this place.
 D = Time resting spent in this place.
 E = Time spent auto-exploring this place.
 F = Levels seen in this place.
 G = Mean time per level.
                   A        B        C        D        E       F      G
               +--------+--------+--------+--------+--------+-----+--------+
         Total |     66 |     66 |      0 |      0 |     12 |   2 |   33.0 |
       Dungeon |     66 |     66 |      0 |      0 |     12 |   2 |   33.0 |
               +--------+--------+--------+--------+--------+-----+--------+

Top non-repeatable levels by time:
     D:5: 60 daAuts
     D:4: 5 daAuts
